 Dungeon Crawl Stone Soup version 0.28-a0-687-gb91baff9cc (webtiles) character file.

Game seed: 8499795772459393774

2067 ytrimaz the Cleaver (level 9, -3/80 HPs)
             Began as a Minotaur Fighter on Oct 19, 2021.
             Was an Initiate of Ashenzari.
             Succumbed to a water moccasin's poison
             ... on level 7 of the Dungeon.
             The game lasted 00:08:40 (6074 turns).

ytrimaz the Cleaver (Minotaur Fighter)              Turns: 6074, Time: 00:08:40

Health: -3/80      AC:  8    Str: 24    XL:     9   Next: 5%
Magic:  17/17      EV:  8    Int:  5    God:    Ashenzari [......]
Gold:   333        SH:  0    Dex: 10    Spells: 8/8 levels left

rFire   . . .      SeeInvis .   a - +0 war axe
rCold   + . .      Faith    .   o - +2 kite shield "Prescient Incredulity" {rC+ MP+9, Self, Elem} (curse)
rNeg    . . .      Spirit   .   b - +0 scale mail
rPois   .          Reflect  .   (helmet restricted)
rElec   .          Harm     .   (no cloak)
rCorr   .          Rampage  .   (no gloves)
Will    .....                   (no boots)
Stlth   ..........              (no amulet)
HPRegen 0.23/turn               (no ring)
MPRegen 0.15/turn               (no ring)

@: confused, lethally poisoned (-3 -> -17)
A: horns 2, retaliatory headbutt
a: Renounce Religion, Shatter the Chains


You were on level 7 of the Dungeon.
You worshipped Ashenzari.
Ashenzari was noncommittal.
You visited 2 branches of the dungeon, and saw 8 of its levels.

You collected 333 gold pieces.

Inventory:

Hand Weapons
 a - a +0 war axe (weapon)
Armour
 b - a +0 scale mail (worn)
 c - a +0 buckler
 o - the cursed +2 kite shield "Prescient Incredulity" (worn) {rC+ MP+9, Self, Elem}
   (You acquired it on level 6 of the Dungeon)

   rC:        It protects you from cold.
   MP:        It affects your magic capacity (+9).
   It has a curse which improves the following skills: Introspection: Fighting
   and Spellcasting.
   Elements:  Fire Magic, Ice Magic, Air Magic and Earth Magic.
Jewellery
 p - a ring of ice
Scrolls
 e - a scroll of enchant weapon
 h - 3 scrolls of fog
 j - 2 scrolls of enchant armour
 k - a scroll of magic mapping
 l - a scroll of torment
 m - a scroll of teleportation
Potions
 d - a potion of might
 f - 2 potions of brilliance
 g - 2 potions of attraction
 i - a potion of haste
 n - 2 potions of curing


   Skills:
 + Level 7.1(7.7) Fighting
 + Level 10.1 Axes
 + Level 8.5 Armour
 * Level 4.8 Shields


You had 8 spell levels left.
You didn't know any spells.
Your spell library contained the following spells:

 Spells                   Type           Power      Damage    Failure   Level
 Sandblast                Erth           0%         2d4       99%         1
 Passwall                 Tmut/Erth      0%         N/A       100%        2
 Stone Arrow              Conj/Erth      0%         3d7       100%        3
 Freezing Cloud           Conj/Ice/Air   0%         6-21      100%        5
 Simulacrum               Ice/Necr       0%         N/A       100%        6
 Polar Vortex             Ice            0%         N/A       100%        9


Dungeon Overview and Level Annotations

Branches:
Dungeon (7/15)             Temple (1/1) D:4

Altars:
Ashenzari
Cheibriados
Dithmenos
Elyvilon
Fedhas
Gozag
Hepliaklqana
Kikubaaqudgha
Makhleb
Nemelex Xobeh
Okawaru
Qazlal
Ru
Sif Muna
Trog
Uskayaw
Vehumet
Wu Jian
Xom
Yredelemnul
Zin
The Shining One


Innate Abilities, Weirdness & Mutations

You have a pair of horns on your head.
You reflexively headbutt those who attack you in melee.


Message History

The red ugly thing gurgles horribly!
A scorpion comes into view.
The sky beast flickers out of sight!
Deactivating autopickup; reactivate with Ctrl-A.
You barely miss the orc wizard. Your headbutt misses the orc wizard.
The orc wizard hits you but does no damage.
You slash the orc wizard! Your headbutt misses the orc wizard.
The orc wizard is severely wounded.
You completely miss the water moccasin.
The water moccasin bites you but does no damage.
The orc wizard gestures at you while chanting.
You are confused.
You slash the orc wizard!
You kill the orc wizard!
You slash the red ugly thing!
You bump into the stone wall.
The red ugly thing punches you!
You are engulfed in flames!
The water moccasin closely misses you.
Unknown command.
The water moccasin bites you. The red ugly thing punches you!
You are engulfed in flames!
You slash the water moccasin!
Your headbutt misses the water moccasin.
The water moccasin is heavily wounded.
You closely miss the red ugly thing.
The water moccasin bites you but does no damage.
A sky beast appears from thin air!
Reactivating autopickup.
The water moccasin bites you but does no damage.
The red ugly thing punches you.
* * * LOW HITPOINT WARNING * * *
You are engulfed in flames!
* * * LOW HITPOINT WARNING * * *
You feel much better. The water moccasin bites you.
You are poisoned.
The water moccasin poisons you! The red ugly thing punches you!
* * * LOW HITPOINT WARNING * * *
You are engulfed in flames!
* * * LOW HITPOINT WARNING * * *
Unknown command.
You die...

#....##........
#....##.......#
##...##.....###
###...##...###
#........###..
#......###....
+...........#
#......###...
#......@###
#......#.S#
######.#u#§)#
..#sY.#..#
...#.#§..#..
....#...#...#
.....#.# . #..
...?..#.. #. #
#.# ##


You could see a red ugly thing, a water moccasin, a sky beast and a scorpion.

Vanquished Creatures
  A shadow (D:7)
  A water moccasin (D:5)
  Duvessa (D:6)
  2 necrophages
  A hornet zombie (D:6)
  2 ogres
  A centaur (D:5)
  A phantom (D:5)
  A bullfrog (D:7)
  Dowan (D:6)
  2 scorpions
  A wyvern zombie (D:5)
  A vampire bat (D:5)
  A centaur zombie (D:5)
  2 orc priests (D:5)
  2 hounds
  A centaur skeleton (D:7)
  A jelly (D:7)
  2 bullfrog skeletons
  A gnoll shaman (D:5)
  2 iguanas
  2 orc wizards
  Natasha (thrice) (D:3)
  A hound skeleton (D:4)
  5 gnolls (D:5)
  9 adders
  A white imp (D:6)
  A worm (D:3)
  2 dart slugs
  3 fire bats (D:5)
  13 orcs
  2 spectral bats (D:5)
  A bat simulacrum (D:5)
  3 bat skeletons (D:5)
  A bat zombie (D:5)
  3 endoplasms
  4 giant cockroaches
  11 hobgoblins
  2 quokkas (D:3)
  8 ball pythons
  A ball python skeleton (D:3)
  15 bats
  7 frilled lizards
  8 goblins
  8 kobolds
  8 rats
150 creatures vanquished.

Vanquished Creatures (others)
  A plant (D:4)
1 creature vanquished.

Grand Total: 151 creatures vanquished

Notes
Turn   | Place    | Note
-------+----------+-------------------------------------------
     0 | D:1      | ytrimaz the Minotaur Fighter began the quest for the Orb.
     0 | D:1      | Reached XP level 1. HP: 19/19 MP: 0/0
   209 | D:1      | Reached XP level 2. HP: 27/27 MP: 1/1
   584 | D:1      | Found an opulent altar of Gozag.
   709 | D:2      | Reached skill level 3 in Axes
   709 | D:2      | Reached XP level 3. HP: 24/33 MP: 2/2
  1132 | D:2      | Reached XP level 4. HP: 36/41 MP: 3/3
  1496 | D:3      | Noticed Natasha
  1501 | D:3      | Killed Natasha
  1502 | D:3      | Reached skill level 4 in Axes
  1588 | D:3      | Noticed Natasha
  1604 | D:3      | Killed Natasha
  1605 | D:3      | Reached XP level 5. HP: 40/47 MP: 4/4
  1682 | D:3      | Noticed Natasha
  1691 | D:3      | Killed Natasha
  1692 | D:3      | Reached skill level 5 in Axes
  2144 | D:4      | Found a white marble altar of Elyvilon.
  2238 | D:4      | Noticed a necrophage
  2260 | D:4      | Killed a necrophage
  2261 | D:4      | Reached skill level 5 in Armour
  2261 | D:4      | Reached XP level 6. HP: 42/55 MP: 5/5
  2342 | D:4      | Reached skill level 5 in Fighting
  2342 | D:4      | Reached skill level 6 in Axes
  2421 | D:4      | Found a staircase to the Ecumenical Temple.
  2435 | Temple   | Entered the Ecumenical Temple
  2697 | Temple   | Became a worshipper of Ashenzari the Shackled
  3237 | D:4      | Identified the +8 rapier of the Inferno {elec, *Slow
                  | Fragile rF+ Int+7}
  3446 | D:5      | Entered Level 5 of the Dungeon
  3469 | D:5      | Reached XP level 7. HP: 5/61 MP: 6/6
  3862 | D:5      | Reached skill level 7 in Axes
  4375 | D:5      | Reached skill level 8 in Axes
  4526 | D:5      | Reached XP level 8. HP: 48/70 MP: 7/7
  5064 | D:6      | Identified a scroll of acquirement
  5073 | D:6      | Reached skill level 9 in Axes
  5084 | D:6      | Acquired the +2 kite shield of Sin {rC+ MP+9}
  5603 | D:6      | Noticed Duvessa
  5607 | D:6      | Noticed Dowan
  5614 | D:6      | Killed Duvessa
  5618 | D:6      | Killed Dowan
  5948 | D:7      | Reached skill level 10 in Axes
  5989 | D:7      | Reached XP level 9. HP: 77/80 MP: 8/8
  6066 | D:7      | Noticed a red ugly thing
  6073 | D:7      | HP: 1/80 [red ugly thing (17)]
  6074 | D:7      | Succumbed to a water moccasin's poison

Illustrated notes

Levels and vault maps discovered:
D:1:      dpeg_arrival_water_altar, layout_rooms, minivault_24, minivault_19,
          hangedman_abyss_or_decor_stabs
D:2:      layout_basic
D:3:      minmay_octagon_keep, layout_basic, uniq_natasha
D:4:      layout_basic, elyvilon_altar_5, temple_green, serial_bayou,
          serial_bayou_crossing, serial_bayou_pond_c, serial_bayou_lagoon_b,
          serial_bayou_lake_a, corexii_item_surrounded_by_moat
D:5:      layout_rooms, minivault_5, goddamned_bats
D:6:      layout_rooms, uniq_duvessa
D:7:      minmay_the_grid_triangle_9x9_rhombus_thin
          [minmay_the_grid_triangle_9x9_flanged_cone,
          minmay_the_grid_triangle_9x9_prize_schism,
          minmay_the_grid_triangle_9x9_sparse_checkered,
          minmay_the_grid_triangle_9x9_negative_grid], layout_gridville,
          kennysheep_small_circle
Temple:   nicolae_temple_the_god_donut

Skill      XL: |  1  2  3  4  5  6  7  8 |
---------------+-------------------------+-----
Shields        | 4 |  4.8
Fighting       | 4 5 6 7 |  7.1
Armour         | 4 5 7 8 |  8.5
Axes           | 3 4 5 6 8 10 | 10.1

Action                   |  1- 3 |  4- 6 |  7- 9 || total
-------------------------+-------+-------+-------++-------
Melee: War axe           |    51 |   145 |   129 ||   325
       Headbutt          |     7 |    19 |    25 ||    51
Invok: Curse Item        |       |       |     1 ||     1
  Use: Scroll            |       |     8 |     1 ||     9
       Potion            |       |     2 |     1 ||     3
Armor: Scale mail        |    29 |    77 |    76 ||   182
Dodge: Dodged            |    17 |    83 |    73 ||   173
Block: Buckler           |    16 |    37 |    20 ||    73
       Kite shield       |       |       |    18 ||    18

Table legend: (Time is in decaauts)
 A = Elapsed time spent in this place.
 B = Non-inter-level travel time spent in this place.
 C = Inter-level travel time spent in this place.
 D = Time resting spent in this place.
 E = Time spent auto-exploring this place.
 F = Levels seen in this place.
 G = Mean time per level.
                   A        B        C        D        E       F      G
               +--------+--------+--------+--------+--------+-----+--------+
         Total |   6180 |   6043 |    137 |    941 |   3929 |   8 |  772.5 |
       Dungeon |   5910 |   5773 |    137 |    941 |   3697 |   7 |  844.3 |
        Temple |    270 |    270 |      0 |      0 |    232 |   1 |  270.0 |
               +--------+--------+--------+--------+--------+-----+--------+

Top non-repeatable levels by time:
     D:4: 1510 daAuts
     D:5: 1242 daAuts
     D:6: 854 daAuts
     D:2: 754 daAuts
     D:3: 734 daAuts
     D:1: 644 daAuts
  Temple: 270 daAuts
     D:7: 169 daAuts
